 Dungeon Crawl Stone Soup version 0.31.0-9-g3a7656b989 (webtiles) character file.

Game seed: 8783783489739902882

623 qw the Shooter (level 7, -1/36 HPs)
             Began as a Spriggan Hunter on Feb 2, 2024.
             Was an Initiate of Okawaru.
             Shot with an arrow by a centaur (7 damage)
             ... on level 5 of the Dungeon.
             The game lasted 00:00:14 (3376 turns).

qw the Shooter (Spriggan Hunter)                    Turns: 3376, Time: 00:00:15

Health: -1/36      AC:  4    Str:  7    XL:     7   Next: 22%
Magic:  6/8        EV: 26    Int: 11    God:    Okawaru [......]
Gold:   252        SH:  0    Dex: 20    Spells: 6/6 levels left

rFire   . . .        a - +1 shortbow
rCold   . . .        (shield currently unavailable)
rNeg    . . .        c - +0 robe
rPois   .            (helmet restricted)
rElec   .            e - +1 cloak
rCorr   .            (gloves unavailable)
SInv    +            (boots unavailable)
Will    +....        (no amulet)
Stlth   ++++         (no ring)
HPRegen 0.26/turn    (no ring)
MPRegen 0.11/turn

%: no passive effects
@: about to teleport, heroic, very quick
A: very small, no large weapons, unfitting armour, see invisible, speed 3
a: Renounce Religion


You were on level 5 of the Dungeon.
You worshipped Okawaru.
Okawaru was noncommittal.
You visited 2 branches of the dungeon, and saw 6 of its levels.
You also visited: Sewer.

You collected 252 gold pieces.


Innate Abilities, Weirdness & Mutations

You are very small and have problems with some larger weapons.
You are too small for most types of armour.
You have supernaturally acute eyesight. (SInv)
You cover ground extremely quickly. (Speed+++)


   Skills:
 - Level 3.1(8.1) Fighting
 + Level 6.8(11.8) Ranged Weapons
 - Level 6.2(11.2) Dodging
 - Level 1.5(6.5) Stealth
 - Level 0.8 Invocations


You had 6 spell levels left.
You didn't know any spells.
Your spell library was empty.

Inventory:

Hand Weapons
 a - a +1 shortbow (weapon)
Armour
 c - a +0 robe (worn)
 e - a +1 cloak (worn)
Wands
 g - a wand of flame (7)
Scrolls
 i - a scroll of identify
Potions
 b - a potion of heal wounds {unknown}
 d - a potion of invisibility {unknown}
 f - a potion of might {unknown}
 h - a potion of magic {unknown}
 j - a potion of cancellation {unknown}
 k - a potion of brilliance {unknown}

Dungeon Overview and Level Annotations

Branches:
Dungeon (5/15)             Temple (1/1) D:4           Sewer (visited)

Altars:
Ashenzari
Cheibriados
Dithmenos
Elyvilon
Fedhas
Hepliaklqana
Kikubaaqudgha
Makhleb
Okawaru
Uskayaw
Wu Jian
Yredelemnul
Zin
The Shining One


Message History

You shoot an arrow. The arrow misses the adder.
The adder misses you.
You shoot an arrow. The arrow hits the adder!
You kill the adder!
Okawaru accepts your kill.
You start resting.
HP restored.
A centaur comes into view.
You shoot an arrow. The arrow hits the centaur.
The centaur is moderately wounded.
The centaur wields a +0 orcbow.
The centaur shoots an arrow.
The arrow barely misses you.
You shoot an arrow. The arrow barely misses the centaur.
The centaur shoots an arrow.
The arrow hits you.
The centaur shoots an arrow.
The arrow closely misses you.
You shoot an arrow. The arrow hits the centaur!
The centaur is severely wounded.
The centaur shoots an arrow.
The arrow hits you.
You start resting.
A centaur is nearby!
You shoot an arrow. The arrow barely misses the centaur.
The centaur shoots an arrow.
The arrow hits you!
A wraith comes into view.
The centaur shoots an arrow.
The arrow misses you.
3373 ||| INVOKING Heroism.
You gain the combat prowess of a mighty hero.
You can no longer gain great but temporary skills.
The centaur shoots an arrow.
The arrow hits you!
3374 ||| READING scroll of teleportation.
As you read the scroll of teleportation, it crumbles to dust.
You feel strangely unstable.
The centaur shoots an arrow.
The arrow completely misses you.
The centaur shoots an arrow.
The arrow misses you.
You shoot an arrow. The arrow hits the centaur.
The centaur is severely wounded.
You shoot an arrow.
The arrow hits the centaur but does no damage.
The centaur is severely wounded.
The centaur shoots an arrow.
The arrow hits you!
You die...

#...#....#
#...####.##
#.........#
#.........#
#.......cW## ###
#..........# ?.
#......##..##.# ###
#########...#'#....#
###.@%.....+
....)..........#
...............#
...............#
##.#####+####### #


You could see a wraith and a centaur.

Vanquished Creatures
  2 ice beasts
  A brain worm (Sewer)
  A scorpion (D:5)
  A howler monkey (D:5)
  A bombardier beetle (D:5)
  A hound (D:4)
  Natasha (D:3)
  An iguana (D:5)
  Robin (D:3)
  4 adders
  2 ufetubi (D:5)
  3 dart slugs
  A ribbon worm (D:3)
  4 orcs
  2 endoplasms (D:2)
  7 giant cockroaches
  14 goblins
  11 hobgoblins
  6 quokkas
  7 ball pythons
  4 bats
  8 frilled lizards
  6 kobolds
  4 rats
93 creatures vanquished.

Notes
Turn   | Place    | Note
-------+----------+-------------------------------------------
     0 | D:1      | qw the Spriggan Hunter began the quest for the Orb.
     0 | D:1      | Reached XP level 1. HP: 10/10 MP: 2/2
     0 | D:1      | 0 ||| qw: Version: 0.3-a-155-g5e7d8dd
     0 | D:1      | 0 ||| qw: Game counter: 2080
     0 | D:1      | 0 ||| qw: Melee chars always use a shield: true
     0 | D:1      | 0 ||| qw: God list: Okawaru
     0 | D:1      | 0 ||| qw: Allow faded altars: false
     0 | D:1      | 0 ||| qw: Do Orc after clearing Dungeon:15 true
     0 | D:1      | 0 ||| qw: Do second Lair branch before Depths: true
     0 | D:1      | 0 ||| qw: Lair rune preference: random
     0 | D:1      | 0 ||| qw: Goals: Normal
     0 | D:1      | 0 ||| PLANNING D:1-11
     9 | D:1      | Reached skill level 3 in Dodging
    83 | D:1      | Reached XP level 2. HP: 14/14 MP: 3/3
   170 | D:1      | 170 ||| READING scroll labelled VAROPY YTROMU.
   905 | D:1      | 905 ||| UPGRADING to +0 cloak.
   910 | D:1      | 910 ||| READING scroll labelled EMUNUR WUCARR.
   910 | D:1      | 910 ||| ENCHANTING +0 shortbow.
   911 | D:1      | 911 ||| DROPPING scroll of butterflies.
   950 | D:2      | Reached XP level 3. HP: 18/18 MP: 4/4
  1384 | D:2      | 1384 ||| READING scroll labelled UCKEBI GADDENT.
  1384 | D:2      | 1384 ||| IDENTIFYING puce potion
  1385 | D:2      | 1385 ||| READING scroll labelled YSANIR NIKK.
  1385 | D:2      | 1385 ||| ENCHANTING +0 cloak.
  1386 | D:2      | 1386 ||| DROPPING potion of lignification.
  1399 | D:3      | 1399 ||| PLANNING SEWER
  1443 | D:3      | Reached XP level 4. HP: 22/22 MP: 5/5
  1584 | D:3      | 1584 ||| FLEEEEING.
  1585 | D:3      | 1585 ||| FLEEEEING.
  1586 | D:3      | Noticed Robin
  1587 | D:3      | 1587 ||| FLEEEEING.
  1588 | D:3      | 1588 ||| FLEEEEING.
  1590 | D:3      | 1590 ||| FLEEEEING.
  1591 | D:3      | 1591 ||| FLEEEEING.
  1593 | D:3      | 1593 ||| FLEEEEING.
  1594 | D:3      | 1594 ||| FLEEEEING.
  1595 | D:3      | 1595 ||| FLEEEEING.
  1597 | D:3      | 1597 ||| FLEEEEING.
  1607 | D:3      | Killed Robin
  1640 | D:3      | Noticed an ice beast
  1641 | D:3      | 1641 ||| ZAPPING wand of flame (15) at -7,4 (ice beast;
                  | floor).
  1642 | D:3      | 1642 ||| ZAPPING wand of flame (14) at -6,4 (ice beast;
                  | floor).
  1643 | D:3      | 1643 ||| ZAPPING wand of flame (13) at -5,3 (ice beast;
                  | floor).
  1644 | D:3      | 1644 ||| ZAPPING wand of flame (12) at -4,2 (ice beast;
                  | floor).
  1645 | D:3      | 1645 ||| ZAPPING wand of flame (11) at -3,2 (ice beast;
                  | floor).
  1646 | D:3      | 1646 ||| ZAPPING wand of flame (10) at -2,1 (ice beast;
                  | floor).
  1647 | D:3      | 1647 ||| ZAPPING wand of flame (9) at -1,0 (ice beast;
                  | floor).
  1647 | D:3      | Killed an ice beast
  1648 | D:3      | Reached skill level 3 in Fighting
  1648 | D:3      | Reached XP level 5. HP: 28/28 MP: 6/6
  1666 | D:3      | Identified the +5 war axe of World's End {flame, *Corrode
                  | rC+ Str+4 SInv}
  1796 | D:3      | Found a glowing drain.
  1809 | D:3      | 1809 ||| READING scroll of identify.
  1809 | D:3      | 1809 ||| IDENTIFYING red potion
  1810 | D:3      | 1810 ||| READING scroll labelled SIAXKO HOYRCH.
  1811 | D:3      | 1811 ||| READING scroll labelled GYSU TENLUOSOLL.
  1812 | D:3      | 1812 ||| DROPPING potion of degeneration.
  1819 | Sewer    | Entered a sewer
  1864 | Sewer    | HP: 7/28 [brain worm (2)]
  1866 | Sewer    | Reached XP level 6. HP: 8/32 MP: 3/7
  1993 | Sewer    | Noticed Pargi
  1994 | Sewer    | 1994 ||| ZAPPING wand of flame (8) at -7,4 (Pargi; floor).
  2084 | Sewer    | 2084 ||| DRINKING 2 purple potions.
  2090 | D:3      | 2090 ||| PLANNING D:1-11
  2179 | D:3      | Noticed Natasha
  2183 | D:3      | Killed Natasha
  2256 | D:4      | Found a staircase to the Ecumenical Temple.
  2257 | D:4      | 2257 ||| PLANNING TEMPLE
  2266 | Temple   | Entered the Ecumenical Temple
  2267 | Temple   | 2267 ||| PLANNING OKAWARU WORSHIP
  2284 | Temple   | Became a worshipper of Warmaster Okawaru
  2285 | Temple   | 2285 ||| PLANNING D:1-11
  2398 | D:4      | Reached skill level 6 in Ranged Weapons
  2817 | D:4      | 2817 ||| READING scroll labelled IDUMPI LED.
  2819 | D:4      | 2819 ||| Stepping ~*~*~tactically~*~*~ (cloud).
  2933 | D:5      | Entered Level 5 of the Dungeon
  2954 | D:5      | Noticed an ice beast
  2955 | D:5      | 2955 ||| DRINKING potion of haste.
  2969 | D:5      | Killed an ice beast
  2970 | D:5      | Reached skill level 6 in Dodging
  3212 | D:5      | Found a hazy altar of Hepliaklqana.
  3321 | D:5      | Reached XP level 7. HP: 36/36 MP: 8/8
  3346 | D:5      | Reached * piety under Okawaru
  3372 | D:5      | Noticed a wraith
  3373 | D:5      | 3373 ||| INVOKING Heroism.
  3373 | D:5      | HP: 5/36 [centaur/arrow (9)]
  3374 | D:5      | 3374 ||| READING scroll of teleportation.
  3376 | D:5      | Shot with an arrow by a centaur

Levels and vault maps discovered:
D:1:      minmay_arrival_four_loops, layout_rooms, serial_co_window_serial,
          co_window_paths_a, co_window_of_opportunity_a,
          co_window_of_opportunity_a, co_window_paths_b, co_window_paths_a,
          co_window_paths_a, co_window_corner_a, co_window_corner_b,
          co_window_of_opportunity_c, co_window_of_opportunity_b,
          co_window_broadway_a, co_window_corner_b, co_window_4corner_b,
          glass_columns_b, glass_columns_a, glass_columns_a
D:2:      layout_basic
D:3:      layout_basic, gup_sewer_entry_pipe, uniq_natasha, uniq_robin
D:4:      layout_loops_cross, minmay_temple_entry_mini_moons,
          chequers_serial_rivers_micro_a
D:5:      layout_gridville, nzn_hepliaklqana_mist_gate,
          nicolae_overflow_hidden_temple, minmay_divided_ellipse
Temple:   nicolae_temple_god_jail

Skill      XL: |  1  2  3  4  5  6 |
---------------+-------------------+-----
Dodging        | 3 4 5 6 |  6.2
Ranged Weapons | 5 6 |  6.8
Fighting       | 3 |  3.1
Stealth        | |  1.5
Invocations    | |  0.8

Action                     |  1- 3 |  4- 6 |  7- 9 || total
---------------------------+-------+-------+-------++-------
   Fire: Shortbow          |    82 |   143 |    22 ||   247
 Invoke: Heroism           |       |       |     1 ||     1
  Evoke: Wand              |       |     8 |       ||     8
    Use: Scroll            |     4 |     4 |     1 ||     9
         Potion            |       |     2 |       ||     2
 Armour: Robe              |     3 |    17 |     9 ||    29
  Dodge: Dodged            |    12 |    57 |    22 ||    91

Table legend:
 A = Non-vault XP
 B = Vault XP
 C = Vault XP percentage of total XP
 D = Non-vault monster count
 E = Vault monster count
 F = Vault count percentage of total count
                 A         B        C        D         E       F
            +---------+---------+-------+---------+---------+-------
      Total |     569 |     321 |  36.1 |      64 |      29 |  31.2
            +---------+---------+-------+---------+---------+-------
        D:1 |      34 |       0 |   0.0 |      19 |       0 |   0.0
        D:2 |      57 |       0 |   0.0 |      20 |       0 |   0.0
        D:3 |     158 |      86 |  35.2 |      13 |      20 |  60.6
        D:4 |      52 |       0 |   0.0 |       4 |       0 |   0.0
        D:5 |     268 |     138 |  34.0 |       8 |       2 |  20.0
      Sewer |       0 |      97 | 100.0 |       0 |       7 | 100.0
            +---------+---------+-------+---------+---------+-------
